Map: Orbital Shipyard

Players

FigHteR - Winner!

  • Race: Terran Terran

BoomyDread

  • Race: Zerg Zerg

VOD

Have the link to the VOD?

Description

Time

  • Played on: Nov. 10, 2015, 2:24 p.m.
  • Length: 12:18
Show
View Real Time Build Order
Export as new Build Order

FigHteR Terran - Winner!

Build Orders: Hellion Opening, MMM Bio 

Get SALT Encoding   

  12  0:01  SCV  
  13  0:13  SCV  
  14  0:18  Supply Depot  
  14  0:25  SCV  
  15  0:33  Refinery  
  15  0:40  SCV  
  16  0:45  Barracks  
  16  0:52  SCV  
  17  1:04  SCV  
  18  1:16  SCV  
  19  1:28  SCV  
  20  1:35  Factory  
  20  1:40  Orbital Command  
  20  1:54  Supply Depot  
  20  1:55  Barracks Reactor  
  20  2:07  SCV  
  21  2:12  Command Center  
  21  2:19  SCV  
  22  2:31  SCV  
  23  2:37  Hellion x2  
  23  2:43  SCV  
  28  2:46  Barracks Tech Lab  
  28  2:51  Supply Depot  
  28  2:55  SCV  
  29  2:58  Hellion  
  31  3:08  Stimpack  
  31  3:12  SCV, Marine  
  35  3:13  Hellion  
  35  3:15  Supply Depot  
  37  3:20  Hellion  
  37  3:24  SCV  
  38  3:27  Orbital Command  
  38  3:33  Marine  
  41  3:34  Hellion  
  41  3:36  SCV  
  42  3:44  Hellion  
  44  3:49  SCV  
  44  3:51  Marine  
  48  3:55  Hellion  
  48  3:59  SCV  
  48  4:01  SCV  
  48  4:12  Hellion  
  48  4:17  Hellion  
  48  4:25  SCV x2  
  48  4:29  Command Center  
  50  4:33  Hellion  
  52  4:38  Hellion  
  52  4:42  SCV x2  
  48  4:47  Barracks  
  48  4:50  Barracks  
  48  4:51  Starport  
  48  4:52  Refinery  
  46  4:59  SCV x2  
  48  5:11  SCV x2  
  48  5:12  Marine  
  51  5:16  Factory Tech Lab  
  49  5:23  SCV  
  50  5:30  Marine  
  50  5:32  SCV  
  50  5:35  SCV  
  53  5:44  Siege Tank, Marine x2  
  53  5:48  Marine  
  59  5:51  SCV x2  
  59  5:52  Orbital Command  
  61  6:01  Medivac x2  
  61  6:02  Marine  
  66  6:06  Marine  
  66  6:07  Barracks  
  66  6:09  Barracks  
  66  6:11  Barracks, Orbital Command  
  67  6:12  Barracks Tech Lab  
  67  6:16  Siege Tank  
  67  6:17  SCV  
  67  6:18  SCV  
  72  6:20  Engineering Bay  
  72  6:21  Engineering Bay  
  72  6:25  Marine x2  
  62  6:36  Refinery  
  62  6:37  Marine  
  62  6:43  Marauder  
  62  6:44  Marine  
  64  6:55  Marine  
  64  6:57  Refinery  
  65  7:02  Marine  
  65  7:05  Marauder  
  68  7:09  Marine x2  
  68  7:10  Marine  
  68  7:13  Orbital Command  
  68  7:14  Marauder  
  73  7:18  SCV x2  
  73  7:20  Marine  
  76  7:24  Missile Turret  
  76  7:25  Missile Turret  
  76  7:26  Missile Turret  
  76  7:27  Refinery  
  76  7:30  Barracks Reactor x2, Barracks Tech Lab  
  76  7:34  SCV  
  77  7:38  Refinery  
  77  7:43  Supply Depot  
  77  7:44  Supply Depot, SCV, Marine  
  77  7:45  Marauder x2  
  77  7:46  Terran Infantry Weapons Level 1, SCV  
  77  7:47  Supply Depot  
  77  7:50  Marine  
  85  8:05  SCV x2, Marine x3  
  88  8:06  Terran Infantry Armor Level 1  
  88  8:07  Marine  
  88  8:08  Marine  
  88  8:09  Supply Depot, Marine  
  97  8:13  Supply Depot  
  92  8:22  Armory, Marine  
  92  8:23  SCV x2, Marine x2  
  97  8:28  Command Center  
  97  8:29  Marine x3  
  97  8:31  Barracks Reactor  
  97  8:32  Command Center  
  104  8:34  Hellion x2  
  104  8:35  Medivac  
  102  8:42  Marauder x2  
  95  8:52  Marine x3  
  95  8:53  Marauder  
  95  8:58  Hellion x2  
  95  8:59  Medivac  
  101  9:03  Marauder  
  101  9:05  Marine, Medivac  
  101  9:09  Marine  
  98  9:11  Combat Shields  
  98  9:19  Widow Mine  
  98  9:20  Hellion  
  102  9:29  Medivac  
  104  9:31  Marine x3  
  104  9:32  Marine x3  
  104  9:35  Medivac  
  102  9:44  Marine x2  
  94  9:49  Marine x5  
  94  9:51  Marauder  
  93  9:59  Medivac  
  97  10:00  Hellion  
  97  10:01  Hellion  
  97  10:02  Marine x2  
  97  10:06  SCV x2  
  100  10:07  Marine  
  101  10:22  Hellion, Marauder, Marine x3  
  101  10:23  Marauder x2  
  101  10:26  Hellion  
  107  10:44  Marauder  
  107  10:45  Marine x4  
  107  10:46  Marine x3  
  109  11:01  Widow Mine x2  
  109  11:03  Marine x2  
  117  11:04  Marauder  
  117  11:14  Marine x2  
  117  11:15  Marauder x2, Marine  
  124  11:21  Marine  
  124  11:25  Supply Depot  
  127  11:26  Medivac x2, Marauder  
  127  11:31  Hellion x2  
  135  11:34  Planetary Fortress  
  135  11:36  Missile Turret, Marauder  
  135  11:37  Marauder  
  139  11:40  Marine  
  139  11:41  Marine  
  139  11:42  Marine  
  139  11:43  Marine x2  
  146  11:47  Marauder  
  146  11:52  Hellion x2  
Show
View Real Time Build Order
Export as new Build Order

BoomyDread Zerg 

Build Orders: 3 Hatch before Pool, Muta Ling Bane 

Get SALT Encoding   

  12  0:01  Drone  
  13  0:12  Overlord  
  13  0:20  Drone  
  14  0:32  Drone x2  
  14  0:34  Drone  
  17  0:45  Drone  
  18  0:59  Hatchery  
  17  1:20  Drone  
  17  1:22  Drone  
  19  1:33  Hatchery  
  19  1:37  Spawning Pool  
  19  1:39  Drone  
  18  1:53  Drone x3  
  21  1:56  Extractor  
  20  2:03  Overlord  
  20  2:11  Drone  
  21  2:16  Drone  
  21  2:22  Drone  
  23  2:24  Queen  
  23  2:25  Queen  
  23  2:28  Drone  
  28  2:32  Drone  
  28  2:36  Drone  
  30  2:43  Drone  
  31  2:46  Drone  
  31  2:51  Drone  
  33  2:55  Drone  
  34  3:01  Drone x2  
  36  3:09  Zergling x6  
  36  3:11  Metabolic Boost  
  39  3:16  Drone  
  39  3:17  Overlord  
  40  3:25  Overlord  
  40  3:31  Drone  
  40  3:33  Overlord  
  41  3:35  Queen  
  43  3:43  Baneling Nest, Zergling x10  
  47  3:51  Overlord  
  47  3:52  Zergling x6  
  47  3:53  Zergling x2  
  43  4:15  Zergling x10  
  43  4:16  Zergling x4  
  48  4:22  Zergling x6  
  48  4:23  Zergling x2  
  51  4:26  Zergling x4  
  49  4:39  Zergling x8  
  52  4:49  Zergling x2  
  52  4:50  Zergling x4  
  55  5:03  Lair  
  55  5:09  Extractor  
  54  5:20  Zergling x10  
  54  5:21  Zergling x12  
  61  5:28  Zergling x4  
  61  5:29  Zergling x4  
  61  5:45  Drone x8  
  69  5:58  Drone x4  
  69  5:59  Overlord  
  73  6:09  Extractor  
  73  6:11  Extractor  
  71  6:19  Overlord x2  
  71  6:22  Hatchery  
  67  6:53  Spire  
  66  6:56  Drone x5  
  66  6:57  Drone x2  
  72  7:12  Evolution Chamber  
  72  7:14  Evolution Chamber  
  65  7:21  Drone x2  
  65  7:22  Drone x3  
  69  7:26  Baneling x3  
  69  7:34  Overlord  
  69  7:35  Zergling x2  
  69  7:36  Zergling x38  
  89  7:39  Zerg Melee Weapons Level 1  
  89  7:40  Zerg Ground Armor Level 1  
  89  7:42  Centrifical Hooks  
  89  7:48  Overseer  
  89  8:05  Extractor  
  82  8:08  Baneling x4  
  82  8:11  Overseer  
  82  8:12  Extractor  
  81  8:21  Overlord x2  
  81  8:22  Mutalisk x3  
  81  8:25  Zerg Flyer Weapons Level 1  
  81  8:26  Zergling x2  
  91  8:27  Zergling x16  
  93  8:47  Mutalisk  
  93  8:48  Mutalisk  
  68  8:56  Zergling x20  
  68  8:57  Zergling x6  
  81  9:03  Overlord  
  81  9:09  Zergling x2  
  72  9:10  Zergling x4  
  69  9:17  Baneling  
  69  9:18  Baneling x5  
  67  9:26  Zergling x2  
  67  9:27  Extractor, Zergling x12  
  69  9:40  Zergling x14  
  69  9:41  Zergling x2  
  72  9:52  Zergling x4  
  72  9:56  Mutalisk  
  72  9:58  Overlord  
  72  9:59  Overlord x2  
  71  10:06  Baneling x3  
  71  10:07  Baneling  
  64  10:20  Mutalisk x6  
  76  10:22  Zergling x2  
  76  10:23  Queen, Zergling x16  
  87  10:41  Overseer  
  83  10:46  Mutalisk x3  
  75  10:54  Zergling x6  
  75  10:55  Zergling x14  
  72  11:02  Drone x8  
  77  11:17  Baneling  
  77  11:18  Baneling x3  
  76  11:22  Overlord  
  76  11:23  Overlord  
  76  11:28  Overseer  
  76  11:36  Overlord  
  76  11:37  Overlord  
  76  11:40  Overlord x2  
  76  11:47  Baneling x3  
  76  11:48  Mutalisk x2  
  76  11:50  Overlord x2  
Tags
 
Add a new tag
Caveats
  • Supply blocks, unpowered buildings, or Contaminate may cause inaccurate times.
  • Supply counts are checked every 10 seconds.